AoeStats
← 叫迈耶的空军元帅

Pilgrims

509835109Analyzed
4v4 RM · 5d ago on Sep 28, 2026· 66m 46s· 8 players
Game mode
Random Map
Map size
Large (8 player)
Population
200
Speed
Normal
Resources
Standard
Victory
Conquest
Starting age
Dark Age
Ending age
Imperial Age
RankedLock teamsTeams togetherTeam positionsShared explorationLock speedFull tech treeHidden civsTurbo modeCheats
Victory
Defeat
🇭🇰 Danes · Hong Kong SAR China
1135
+16
1133
+16
🇹🇼 Japanese · Taiwan
1105
+17
🇨🇳 Koreans · China
1086
+19
🇨🇳 Dravidians · China
1156
-18
🇺🇸 Portuguese · United States
1152
-18
🇳🇿 Italians · New Zealand
1150
-17
🇦🇺 Mongols · Australia
1076
-15
一杯冰美式
4:35 Loom
13:22 Feudal Age
13:56 Double-Bit Axe
14:12 Town Watch
15:24 Gold Mining
20:22 Castle Age
18:31 Fishing Lines
18:54 Stone Mining
21:29 Gillnets
24:52 Wheelbarrow
26:50 Imperial Age
25:05 Forging
24:55 Scale Mail Armor
26:58 Iron Casting
28:03 Conscription
30:10 Chain Mail Armor
40:11 Bow Saw
42:45 Plate Mail Armor
43:16 Blast Furnace
43:50 Arson
44:06 Squires
46:24 Elite Samurai
48:25 Hand Cart
JohTo
1:17 Loom
1:22 Loom
10:45 Feudal Age
11:23 Fishing Lines
12:34 Wheelbarrow
11:47 Double-Bit Axe
12:45 Town Watch
19:54 Fletching
22:12 Gold Mining
22:12 Stone Mining
32:22 Castle Age
31:50 Scale Mail Armor
32:00 Forging
33:12 Gillnets
33:31 Bodkin Arrow
33:54 Bow Saw
33:26 Horse Collar
39:40 Hand Cart
39:25 Town Patrol
40:49 Fervor
41:00 Sanctity
40:41 Devotion
46:12 Heavy Plow
50:09 Imperial Age
50:15 Imperial Age
48:27 Redemption
48:53 Hamask
49:21 Gambesons
49:37 Squires
49:22 Arson
48:57 Pikeman
48:57 Man-at-Arms
51:22 Conscription
50:30 Elite Jomsviking
52:29 Chain Mail Armor
52:50 Iron Casting
53:08 Gold Shaft Mining
53:08 Stone Shaft Mining
53:05 Northmen's Fury
54:24 Stone Shaft Mining
55:23 Plate Mail Armor
55:29 Iron Casting
57:09 Bracer
58:34 Caravan
59:04 Coinage
58:54 Elite Varangian Guard
62:45 Halberdier
65:06 Blast Furnace
64:08 Padded Archer Armor
66:01 Bloodlines
65:52 Husbandry
65:12 Light Cavalry
67:28 Hoardings
叫迈耶的空军元帅
12:28 Feudal Age
14:43 Loom
18:39 Castle Age
18:17 Double-Bit Axe
18:15 Horse Collar
18:20 Fishing Lines
23:05 Heavy Plow
23:24 Bow Saw
24:11 Gold Mining
24:42 Fletching
25:17 Gillnets
26:10 Bodkin Arrow
26:47 Stone Mining
28:19 Ballistics
27:39 Treadmill Crane
29:25 Gold Shaft Mining
32:48 Padded Archer Armor
33:50 Forging
33:41 Scale Mail Armor
34:28 Chieftains
35:09 Squires
36:15 Leather Archer Armor
36:36 Iron Casting
38:35 Crossbowman
39:45 Chain Mail Armor
43:45 Imperial Age
42:12 Arson
45:38 Chemistry
44:44 Siege Engineers
44:03 Arbalester
44:47 Bogsveigar
45:13 Conscription
44:22 Capped Ram
46:26 Siege Ram
51:40 Elite Berserk
54:22 Bracer
54:52 Ring Archer Armor
58:15 Two-Man Saw
57:47 Crop Rotation
60:49 Elite Varangian Guard
63:20 Blast Furnace
62:51 Plate Mail Armor
65:20 Masonry
tugou
12:28 Feudal Age
14:10 Fishing Lines
16:45 Castle Age
14:39 Gold Mining
15:20 Stone Mining
16:13 Double-Bit Axe
17:27 Gillnets
18:12 Bow Saw
18:22 Medium Warships
18:08 Fletching
19:18 Bodkin Arrow
20:55 Loom
22:56 Gold Shaft Mining
22:59 Clinker Construction
27:19 Imperial Age
26:33 Wheelbarrow
27:57 Hand Cart
28:21 Bracer
28:51 Ballistics
29:22 Conscription
29:50 Heavy Warships
30:43 Two-Man Saw
31:05 Elite War Wagon
32:55 Chemistry
35:13 Siege Engineers
35:20 Masonry
46:51 Horse Collar
49:01 Heavy Rocket Cart
51:18 Eupseong
52:41 Husbandry
61:46 Elite Skirmisher
67:29 Shinkichon
Koopa_Troopa99
10:14 Loom
14:20 Feudal Age
20:25 Castle Age
18:17 Fletching
19:05 Double-Bit Axe
24:05 Horse Collar
25:39 Medium Warships
25:40 Padded Archer Armor
26:40 Heavy Plow
29:17 Wheelbarrow
28:31 Town Watch
29:11 Bow Saw
28:58 Treadmill Crane
30:13 Hand Cart
31:08 Careening
30:55 Bodkin Arrow
32:05 Thumb Ring
32:53 Leather Archer Armor
32:39 Stone Mining
32:43 Gold Mining
33:50 Fishing Lines
34:12 Town Patrol
35:16 Gillnets
38:00 Imperial Age
39:02 Ballistics
38:53 Clinker Construction
38:55 Masonry
39:47 Chemistry
39:12 Dry Dock
38:26 Elite Caravel
40:31 Conscription
40:18 Circumnavigation
40:33 Bloodlines
40:24 Husbandry
41:30 Arquebus
41:08 Elite Organ Gun
42:27 Bracer
42:59 Ring Archer Armor
43:20 Masonry
43:49 Guilds
44:08 Forging
47:05 Two-Man Saw
46:45 Iron Casting
46:26 Scale Mail Armor
45:50 Pikeman
46:27 Halberdier
48:39 Blast Furnace
50:00 Chain Mail Armor
53:58 Plate Mail Armor
SamTheSlayer
13:23 Feudal Age
13:57 Fishing Lines
14:24 Loom
17:23 Castle Age
15:15 Fletching
18:20 Bodkin Arrow
18:51 Medium Warships
20:11 Gillnets
20:52 Careening
20:55 Clinker Construction
20:35 Double-Bit Axe
22:17 Town Watch
23:10 Wheelbarrow
23:05 Siphons
25:43 Ballistics
26:58 Bow Saw
26:51 Padded Archer Armor
27:58 Horse Collar
29:39 Town Patrol
29:55 Hand Cart
29:58 Leather Archer Armor
37:12 Imperial Age
34:44 Murder Holes
35:00 Masonry
34:31 Treadmill Crane
36:52 Gold Mining
36:52 Stone Mining
38:18 Heavy Warships
39:04 Chemistry
38:33 Bracer
38:47 Incendiaries
39:18 Shipwright
38:53 Elite Cannon Galleon
39:56 Carvel Hull
39:57 Dry Dock
40:08 Architecture
45:21 Ring Archer Armor
45:03 Pirotechnia
45:14 Conscription
45:30 Hoardings
47:01 Squires
46:46 Arson
48:08 Silk Road
48:57 Pikeman
50:44 Scale Mail Armor
50:54 Forging
52:47 Chain Mail Armor
53:08 Iron Casting
54:37 Plate Mail Armor
66:19 Blast Furnace
JebusLorenzo
12:16 Feudal Age
13:08 Feudal Age
13:49 Double-Bit Axe
19:28 Castle Age
17:46 Horse Collar
20:18 Bloodlines
21:53 Forging
24:48 Fletching
28:07 Bodkin Arrow
46:46 Ballistics
showland_wolf
3:55 Loom
6:05 Loom
13:09 Feudal Age
13:46 Town Watch
13:46 Fishing Lines
14:33 Double-Bit Axe
15:54 Horse Collar
16:11 Stone Mining
19:36 Castle Age
17:51 Gold Mining
18:07 Fletching
20:39 Medium Warships
20:28 Bodkin Arrow
20:52 Gillnets
21:53 Bow Saw
28:54 Wheelbarrow
31:20 Imperial Age
29:53 Hand Cart
29:48 Heavy Plow
30:08 Elite Skirmisher
31:48 Town Patrol
31:59 Forging
31:56 Scale Barding Armor
33:37 Heavy Warships
34:42 Chemistry
36:41 Squires
36:26 Gambesons
36:02 Man-at-Arms
38:12 Wootz Steel
37:30 Long Swordsman
38:45 Padded Archer Armor
39:21 Iron Casting
38:45 Pikeman
39:15 Long Swordsman
42:07 Two-Man Saw
41:47 Halberdier
41:48 Two-Handed Swordsman
42:14 Arson
43:02 Ballistics
42:53 Masonry
42:39 Murder Holes
43:33 Champion
46:05 Thumb Ring
49:53 Scale Mail Armor
52:30 Leather Archer Armor
53:16 Blast Furnace
53:14 Conscription
53:34 Hoardings
53:25 Chain Mail Armor
56:23 Blast Furnace
57:35 Plate Mail Armor
57:08 Bracer
Connection lost

Rejoining the realm…

Still unreachable

The connection could not be restored.

Session expired

The server has moved on; the page needs a fresh start.